 Dungeon Crawl Stone Soup version 0.29-a0-923-g6e406bff71 (webtiles) character file.

Game seed: 4061867940646737629

597 ytrimaz the Chopper (level 7, -3/82 HPs)
             Began as a Demonspawn Berserker on July 27, 2022.
             Was an Elder of Trog.
             Slain by a killer bee (5 damage)
             ... on level 4 of the Dungeon.
             The game lasted 00:06:23 (3326 turns).

ytrimaz the Chopper (Demonspawn Berserker)          Turns: 3326, Time: 00:06:24

Health: -3/82      AC:  4    Str: 19    XL:     7   Next: 17%
Magic:  7/7        EV: 12    Int:  8    God:    Trog [****..]
Gold:   240        SH:  0    Dex: 13    Spells: 6/6 levels left

rFire   . . .      SeeInvis .   a - +0 hand axe (venom)
rCold   . . .      Faith    .   (no shield)
rNeg    . . .      Spirit   .   b - +1 animal skin
rPois   .          Reflect  .   (no helmet)
rElec   .          Harm     .   (no cloak)
rCorr   .          Rampage  .   (no gloves)
Will    ++...                   g - +0 pair of boots
Stlth   ..........              (no amulet)
HPRegen 2.23/turn               (no ring)
MPRegen 0.10/turn               (no ring)

@: berserking, lethally poisoned (-3 -> -5), strong-willed, regenerating, very
quick
A: claws 2, powered by death 2, powered by pain 1
a: Renounce Religion, Berserk, Trog's Hand, Brothers in Arms


You were on level 4 of the Dungeon.
You worshipped Trog.
Trog was greatly pleased with you.
You visited 1 branch of the dungeon, and saw 4 of its levels.
You also visited: Sewer.

You collected 240 gold pieces.

Inventory:

Hand Weapons
 a - a +0 hand axe of venom (weapon)
 p - a +2 hand axe of freezing
 q - a +0 war axe
Armour
 b - a +1 animal skin (worn)
 g - a +0 pair of boots (worn)
Jewellery
 c - a ring of fire
Wands
 k - a wand of light (5)
Scrolls
 f - 3 scrolls of teleportation
 m - a scroll of enchant armour
 o - a scroll of fog
Potions
 d - 4 potions of lignification
 e - 3 potions of brilliance {unknown}
 h - 2 potions of curing {unknown}
 i - a potion of invisibility {unknown}
 j - a potion of degeneration {unknown}
 l - 2 potions of magic {unknown}


   Skills:
 + Level 4.7 Fighting
 * Level 6.8 Axes
 - Level 1.7 Armour
 - Level 1.7 Dodging


You had 6 spell levels left.
You didn't know any spells.
Your spell library was empty.

Dungeon Overview and Level Annotations

Branches:
Dungeon (4/15)              Sewer (visited)
 Temple: D:4-7

Altars:
Ru
Trog

Shops:
D:4 ((


Innate Abilities, Weirdness & Mutations

You have very sharp fingernails.
You regenerate health from kills.
You sometimes gain a little power by taking damage.


Message History

The killer bee barely misses you. The killer bee stings you!
* * * LOW HITPOINT WARNING * * *
You slash the killer bee!
You kill the killer bee!
Trog accepts your kill.
You closely miss the killer bee. You barely miss the quokka.
You closely miss the killer bee. x2; You feel sick.
The killer bee barely misses you.
The killer bee stings you but does no damage. x2
The quokka closely misses you.
You have reached level 7!
Your demonic ancestry asserts itself...
Your fingernails sharpen.
You are too berserk!
Unknown command.
You miss the killer bee.
The killer bee is severely wounded.
You closely miss the quokka. You slash the killer bee!
You kill the killer bee!
Trog accepts your kill.
You barely miss the killer bee. You miss the killer bee.
You feel sick. The killer bee stings you.
* * * LOW HITPOINT WARNING * * *
You are more poisoned.
The killer bee poisons you! The killer bee barely misses you.
The killer bee stings you.
* * * LOW HITPOINT WARNING * * *
The killer bee stings you but does no damage.
The killer bee misses you. The killer bee barely misses you.
You slash the quokka!
You feel the power of Trog in you as your rage grows.
You kill the quokka!
Trog accepts your kill.
You hit the killer bee. You miss the killer bee. You hit the killer bee.
You kill the killer bee!
Trog accepts your kill.
* * * LOW HITPOINT WARNING * * *
You feel very sick. The killer bee stings you.
You die...

......#.#..# .....
#....∩...## ....
#...#.#)).# ...#
#..#...#..# w{o#
##.....)..# ##≈≈≈##
#..#..#..# ##≈≈≈≈≈#
#..#.##).# #...∩≈≈#
#..#.##†.###y≈≈≈≈≈##
#..........@y.≈≈≈....
...[..#.#...............
..###.#.#...............
# #.<#.######...####
##.#.# ...# #.##.#.#
...# #......# ...#
#...###.### ..# ## ...#


You could see 2 killer bees, a dart slug and an orc.

Vanquished Creatures
  A scorpion (D:3)
  3 killer bees (D:4)
  An orc priest (D:4)
  3 orc wizards
  4 gnolls (D:2)
  9 adders
  9 river rats
  A worm (D:2)
  A dart slug (D:2)
  12 orcs
  6 bats
  5 endoplasms
  4 giant cockroaches
  5 goblins
  7 hobgoblins
  4 jackals (D:1)
  24 kobolds
  5 quokkas
  16 ball pythons
  2 frilled lizards
  24 rats
146 creatures vanquished.

Vanquished Creatures (others)
  5 plants (D:3)
  3 toadstools (D:1)
8 creatures vanquished.

Grand Total: 154 creatures vanquished

Notes
Turn   | Place    | Note
-------+----------+-------------------------------------------
     0 | D:1      | ytrimaz the Demonspawn Berserker began the quest for the
                  | Orb.
     0 | D:1      | Reached XP level 1. HP: 18/18 MP: 1/1
   107 | D:1      | Reached skill level 3 in Axes
   336 | D:1      | Gained mutation: You regenerate a little health from kills.
                  | [demonic ancestry]
   336 | D:1      | Reached XP level 2. HP: 21/24 MP: 2/2
   385 | D:1      | Found a faded altar of an unknown god.
   781 | D:1      | Reached ** piety under Trog
   786 | D:1      | Gained mutation: You sometimes gain a little power by
                  | taking damage. [demonic ancestry]
   786 | D:1      | Reached XP level 3. HP: 26/29 MP: 3/3
  1272 | D:2      | Reached skill level 4 in Axes
  1272 | D:2      | Gained mutation: You have sharp fingernails. [demonic
                  | ancestry]
  1272 | D:2      | Reached XP level 4. HP: 11/36 MP: 4/4
  1416 | D:2      | Found a bloodstained altar of Trog.
  2072 | D:3      | Gained mutation: You regenerate health from kills. [demonic
                  | ancestry]
  2072 | D:3      | Reached XP level 5. HP: 31/42 MP: 5/5
  2138 | D:3      | Found a glowing drain.
  2157 | Sewer    | Entered a sewer
  2289 | Sewer    | Reached skill level 5 in Axes
  2367 | Sewer    | Reached *** piety under Trog
  2455 | Sewer    | Reached XP level 6. HP: 40/48 MP: 6/6
  2834 | D:3      | Found a sacrificial altar of Ru.
  3038 | D:3      | Reached **** piety under Trog
  3039 | D:3      | Reached skill level 6 in Axes
  3056 | D:3      | Found a bloodstained altar of Trog.
  3268 | D:4      | Found Toxzuit's Antique Weapon Shoppe.
  3309 | D:4      | Found Kautanif's Weapon Shoppe.
  3325 | D:4      | Gained mutation: You have very sharp fingernails. [demonic
                  | ancestry]
  3325 | D:4      | Reached XP level 7. HP: 10/55 MP: 7/7
  3325 | D:4      | HP: 3/82 [killer bee (2)]
  3326 | D:4      | Slain by a killer bee

Illustrated notes

Levels and vault maps discovered:
D:1:      dpeg_arrival_rooms_a, layout_loops_ring,
          shapermc_ecumenical_altar_mp_highgroup,
          chequers_serial_rivers_micro_e, minmay_gold_behind_fungi, fountainhead
D:2:      layout_rooms, basic_altar
D:3:      wander_river, layout_rooms, mainiacjoe_overflow_chevrons,
          nicolae_ru_sacrificial_ziggurat, gup_sewer_entry_bubbles, minivault_26
D:4:      layout_loops_cross, nicolae_yredelemnul_ghost_church, serial_shops,
          nicolae_shop_waterfront, nicolae_shop_crystal, kennysheep_mini,
          nicolae_shop_advertising_works [nicolae_subvault_shop_adworks],
          uniq_ijyb

Skill      XL: |  1  2  3  4  5  6 |
---------------+-------------------+-----
Axes           | 3 4 5 6 |  6.8
Fighting       | 4 |  4.7
Armour         | |  1.7
Dodging        | |  1.7

Action                   |  1- 3 |  4- 6 |  7- 9 || total
-------------------------+-------+-------+-------++-------
Melee: Hand axe          |    86 |   308 |     2 ||   396
       Punch             |     1 |     4 |       ||     5
Invok: Berserk           |     2 |     2 |       ||     4
       Trog's Hand       |     1 |     2 |       ||     3
  Use: Scroll            |     4 |     5 |       ||     9
 Stab: Sleeping          |     1 |     1 |       ||     2
Armor: Animal skin       |    21 |    91 |     1 ||   113
Dodge: Dodged            |    70 |   221 |     3 ||   294

Table legend: (Time is in decaauts)
 A = Elapsed time spent in this place.
 B = Non-inter-level travel time spent in this place.
 C = Inter-level travel time spent in this place.
 D = Time resting spent in this place.
 E = Time spent auto-exploring this place.
 F = Levels seen in this place.
 G = Mean time per level.
                   A        B        C        D        E       F      G
               +--------+--------+--------+--------+--------+-----+--------+
         Total |   3429 |   3366 |     63 |    386 |   1900 |   5 |  685.8 |
       Dungeon |   2794 |   2731 |     63 |    386 |   1609 |   4 |  698.5 |
         Sewer |    634 |    634 |      0 |      0 |    291 |   1 |  634.0 |
               +--------+--------+--------+--------+--------+-----+--------+

Top non-repeatable levels by time:
     D:1: 1229 daAuts
     D:3: 767 daAuts
     D:2: 734 daAuts
   Sewer: 634 daAuts
     D:4: 63 daAuts
